Zazza, neutral female human Tourist ------------- #............| ###|...........| ######.........<..| ########@N `### ----------+-- #------------- # #|`.........`|### ##......`.....|# #|...-----...|# |...|.{.|...|# |..`.{.{|`..|# |...|.{.|...|# |...-----...|# |.....`...%.|# |`.........`-# ------------- Zazza the Sightseer Experience level: 4 Strength: 14 Dexterity: 8 Constitution: 18 Intelligence: 12 Wisdom: 10 Charisma: 14 Health: 0(35) Energy: 14(14) Def: 3 Gold: 1168 Moves: 3093 Dungeon seed: nb5xEFow7M39cYJa Game ID: Zazza_1535387309 Your Inventory: Coins $ - 1168 gold pieces Weapons a - 26 +2 darts (in quiver) m - 9 +0 arrows n - a +1 orcish dagger o - 2 +0 orcish daggers z - a +0 dagger (weapon in hand) Armor e - an uncursed +0 Hawaiian shirt (being worn) q - an uncursed +0 dwarvish cloak (being worn) y - an uncursed +0 orcish helm (being worn) N - an uncursed +0 pair of iron shoes (being worn) Comestibles b - 3 uncursed food rations c - an uncursed tripe ration d - 2 uncursed oranges Scrolls i - 4 uncursed scrolls of magic mapping v - an uncursed scroll of confuse monster Spellbooks u - an uncursed spellbook of magic missile Potions r - a cursed potion of restore ability D - an uncursed potion of blindness E - a cursed potion of gain level G - an uncursed potion of water H - an uncursed potion of object detection Wands w - a wand of secret door detection (0:11) Tools j - an expensive camera (0:64) k - an uncursed credit card l - a magic marker (0:95) Spells and supernatural/magical abilities: Name Level Category Fail Memory W - pray for help -- divine ? -- Your skills at the end: Fighting Skills Weapon Skills dart [Basic] Spellcasting Skills Final Attributes: You were piously aligned. You were a werejackal. You were lucky. You are dead. Vanquished creatures: a leprechaun a straw golem 3 giant ants 2 little dogs a dwarf a kobold lord a rabid rat a centipede a dwarf zombie a werejackal an iguana 4 manes a large kobold 11 giant rats 2 cave spiders a brown mold 5 jackals 2 kobolds 4 goblins 4 grid bugs 2 lichens a kobold zombie 6 newts 57 creatures vanquished. Voluntary challenges: You had been an atheist until turn 2522. You used a wielded weapon 59 times, starting on turn 175. You read items or engraved 2 times, starting on turn 812. You never genocided any monsters. You never polymorphed an object. You never changed form. You used no wishes. You never split a pudding. You wrote Elbereth's name 1 time, starting on turn 2525. You never violated your personal moral code. Dungeon overview: The Dungeons of Doom: levels 1 to 6 Level 1 a fountain a long staircase Level 2 Level 3 Level 4 some fountains a long staircase Level 5 a potion shop, a fountain Level 6 <- You were here many fountains History has recorded: On T:1 you entered the Dungeons of Doom to retrieve the Amulet of Yendor! On T:537 you reached level 2 of The Dungeons of Doom. On T:771 you advanced to experience level 2. On T:957 you reached level 3 of The Dungeons of Doom. On T:1610 you reached level 4 of The Dungeons of Doom. On T:1948 you reached level 5 of The Dungeons of Doom. On T:1962 you advanced to experience level 3. On T:2314 you advanced to experience level 4. On T:2966 you reached level 6 of The Dungeons of Doom. Score breakdown: Gold: 579 ( 9400 points) Experience: 4 levels ( 9649 points) Exploration: 6 levels ( 11.76%) ( 9486 points) Discoveries: 3 items ( 1.01%) ( 3010 points) Valuables value: (no points given unless you survive) Artifact value: 0 ( 0 points) Variety of kills: 23 monsters ( 6.04%) ( 7370 points) Turncount: 3093 turns ( -645 points) Survival: died (score multiplied by 80%) Total score: 30616 Latest messages: Ulch! This makes you feel mediocre! (You can name a purple-red potion from the item naming menu.) The golden naga hatchling bites! The werejackal is killed! You suddenly fall asleep! It bites! (3x) The combat suddenly awakens you. Magical energies course through your body. The golden naga hatchling just misses! Your feet are frozen to the ground! The golden naga hatchling bites! (5x) You hear some noises. The golden naga hatchling bites! (3x) You die... Final status: Aloha Zazza the Tourist, killed by a golden naga hatchling, while frozen by a potion... You died in The Dungeons of Doom on dungeon level 6 with 30616 points, and 1168 pieces of gold, after 3093 moves. You were level 4 with a maximum of 35 hit points when you died.